 Dungeon Crawl Stone Soup version 0.23.1 (webtiles) character file.

Game seed: 0

50291 Chiseanne the Thaumaturge (level 14, 0/61 HPs)
             Began as a Spriggan Assassin on Mar 6, 2019.
             Was an Initiate of Gozag.
             Slain by a salamander mystic
             ... wielding a +1 quarterstaff of crushing
              (1 damage)
             ... in a volcano.
             The game lasted 01:11:41 (16302 turns).

Chiseanne the Thaumaturge (Spriggan Assassin)      Turns: 16302, Time: 01:11:42

Health: 0/61       AC: 12    Str:  7    XL:     14   Next: 19%
Magic:  0/31       EV: 33    Int: 13    God:    Gozag
Gold:   2328       SH: 12    Dex: 28    Spells: 29/38 levels left

rFire    + . .     SeeInvis +   a - +8 dagger (holy)
rCold    . . .     Gourm    .   D - +2 buckler {AC+3}
rNeg     . . .     Faith    .   x - +1 robe of the Doldrums {rElec Dex+6} (curse)
rPois    .         Spirit   +   (helmet restricted)
rElec    +         Reflect  .   d - +1 cloak
rCorr    .         Harm     .   (gloves unavailable)
MR       ++...                  (boots unavailable)
Stlth    ++++++....             A - amulet of guardian spirit
HPRegen  0.20/turn              M - ring of protection from fire
MPRegen  0.22/turn              u - +4 ring of protection

@: gold aura, very slightly contaminated, invisible, very quick
A: very small, unfitting armour, see invisible, herbivore, speed 3, slow
metabolism 2
a: Potion Petition, Call Merchant, Bribe Branch, Renounce Religion


You were in a volcano.
You worshipped Gozag.
Gozag was most pleased with you.
You were full.

You visited 3 branches of the dungeon, and saw 18 of its levels.
You also visited: Volcano.

You collected 3676 gold pieces.
You spent 486 gold pieces at shops.
You paid 862 gold pieces to Gozag.

Inventory:

Hand Weapons
 a - a +8 dagger of holy wrath (weapon)
 q - a +1 hand crossbow of flaming
 w - a +0 blowgun
 y - a +0 hunting sling
Missiles
 i - 151 bolts
 j - 149 sling bullets
 z - 23 poisoned needles
 Q - 19 tomahawks (quivered)
Armour
 d - a +1 cloak (worn)
 x - the cursed +1 robe of the Doldrums (worn) {rElec Dex+6}
   (You bought it in a shop on level 9 of the Dungeon)

   It affects your dexterity (+6).
   It insulates you from electricity.
   It has a curse placed upon it.
 D - a +2 buckler of protection (worn)
Jewellery
 m - an uncursed ring of resist corrosion
 p - a +5 ring of dexterity
 u - a +4 ring of protection (right hand)
 A - an amulet of guardian spirit (around neck)
 B - an uncursed ring of wizardry
 J - an uncursed ring of stealth
 K - an uncursed ring of fire
 M - a ring of protection from fire (left hand)
Wands
 c - a wand of polymorph (6)
 k - a wand of acid (3)
 L - a wand of digging (1)
Scrolls
 b - a scroll of identify
 e - 6 scrolls of remove curse
 s - 8 scrolls of teleportation
 v - 6 scrolls of amnesia
 C - 3 scrolls of blinking
 E - a scroll of magic mapping
 O - a scroll of immolation
Potions
 f - 3 potions of ambrosia
 h - a potion of mutation {unknown}
 l - 2 potions of might
 n - 2 potions of brilliance
 r - 2 potions of haste
 t - a potion of lignification {unknown}
 F - 2 potions of flight
 G - 4 potions of curing
 H - 2 potions of berserk rage {unknown}
 I - 4 potions of agility
 P - 2 potions of heal wounds {unknown}
Miscellaneous
 N - a lightning rod (3/4)
Comestibles
 g - 22 rations


   Skills:
 - Level 1.5 Fighting
 - Level 9.9 Short Blades
 - Level 2.0 Throwing
 - Level 12.4 Dodging
 - Level 11.2 Stealth
 - Level 9.4 Shields
 + Level 12.5 Spellcasting
 + Level 11.5 Hexes
 - Level 12.0 Evocations


You had 29 spell levels left.
You knew the following spells:

 Your Spells              Type           Power        Failure   Level  Hunger
a - Confuse               Hex            #####...     1%          3    None
b - Tukima's Dance        Hex            #####...     1%          3    None
c - Dazzling Spray        Conj/Hex       ###...       2%          3    None

Your spell library contained the following spells:

 Spells                   Type           Power        Failure   Level  Hunger
 Corona                   Hex            #####..      1%          1    None
 Ensorcelled Hibernation  Hex/Ice        ###...       1%          2    None
 Summon Guardian Golem    Hex/Summ       ###.....     2%          3    None
 Summon Small Mammal      Summ           #...         9%          1    None
 Call Imp                 Summ           #.......     13%         2    None
 Call Canine Familiar     Summ           #.......     26%         3    None
 Static Discharge         Conj/Air       #.......     26%         3    None
 Summon Ice Beast         Ice/Summ       #.......     65%         4    ###....
 Summon Lightning Spire   Summ/Air       #.......     65%         4    ###....
 Lightning Bolt           Conj/Air       #.........   94%         5    #####..
 Ignition                 Fire           #.........   100%        8    #######
 Shatter                  Erth           #.........   100%        9    #######
 Tornado                  Air            #.........   100%        9    #######


Dungeon Overview and Level Annotations

Branches:
Dungeon (11/15)            Temple (1/1) D:7            Lair (6/6) D:11
  Swamp (0/4) Lair:3       Spider (0/4) Lair:2        Slime (0/5) Lair:5
    Orc: D:9-12

Altars:
Ashenzari
Cheibriados
Elyvilon
Fedhas
Gozag
Hepliaklqana
Makhleb
Nemelex Xobeh
Okawaru
Ru
Sif Muna
Uskayaw
Vehumet
Wu Jian
Xom
Zin
The Shining One

Shops:
D:8 [   D:9 *

Annotations:
D:7 1 runed translucent door, highc0's ghost, novice DEFE
D:11 exclusion: ice statue
Lair:2 exclusion: oklob plant


Innate Abilities, Weirdness & Mutations

You are very small and have problems with some larger weapons.
You are too small for most types of armour.
You have supernaturally acute eyesight. (SInv)
You are a herbivore.
You cover ground extremely quickly.
You need to consume almost no food.


Message History

Evoke which item? (* to show all) (? for menu, Esc to quit)
Okay, then.
It was a potion of invisibility.
You fade into invisibility!
You block the salamander mystic's attack.
You are very lightly contaminated with residual magic.
Okay, then.
Blink to where?
Press: ? - help, Dir - move target cursor, p - salamander mystic
Okay, then.
You hit the salamander mystic.
The salamander mystic is lightly wounded.
You puncture the salamander mystic!
The salamander mystic is moderately wounded.
The salamander mystic hits you with a +1 quarterstaff of crushing.
* * * LOW HITPOINT WARNING * * *
You are engulfed in flames.
You resist.
* * * LOW HITPOINT WARNING * * *
You die...
Your body crumbles into a pile of gold.

§§§≈≈≈≈≈≈≈≈§≈§§≈§≈≈≈§≈≈≈§§≈≈≈§§§§
≈§≈≈§§≈≈§≈§§≈§§≈≈§≈≈§§≈≈§≈≈≈≈≈≈§≈
≈≈§§≈§≈≈≈§≈≈≈≈≈≈≈≈≈≈≈≈≈≈§≈§≈≈≈≈≈§
≈§≈§≈≈§§§§§§≈§≈≈§§§≈≈§§§§≈≈≈≈≈§≈S
≈≈≈≈§≈§ ≈≈§§≈§≈≈§≈≈≈§§§≈≈≈≈≈≈§§≈≈
§§≈§≈≈ §§§§§≈§ §§§≈≈≈ ≈≈§§§ ≈≈§§≈
####### ≈ ≈≈≈ +...@.+ ≈≈≈ #.8_8N#
#.$...# ###'### #$# #.# $ $ #.# $
$ $ #.# $ $ #.# $ ≈


You could see a salamander mystic (wandering).

Vanquished Creatures
  Kirke (Lair:5)
  Josephine (Lair:5)
  8 hydras
  2 catoblepae
  3 two-headed ogres
  A tengu warrior (D:9)
  5 death yaks (Lair:5)
  Urug (Lair:2)
  Nergalle (Lair:4)
  2 unseen horrors
  A cyclops (D:11)
  2 elephants (Lair:5)
  2 ugly things
  3 salamanders (Volcano)
  14 black mambas
  8 spiny frogs
  2 torpor snails (Lair:5)
  2 komodo dragons
  2 trolls
  A meliai (D:9)
  2 hornets (Lair:1)
  3 polar bears (Lair:4)
  5 dream sheep (Lair:5)
  5 blink frogs (Lair:5)
  A meliai zombie (D:11)
  11 hippogriffs
  A redback (Lair:2)
  5 wraiths (Lair:5)
  Sigmund (D:6)
  5 wyverns
  10 hogs
  A human (D:7)
  15 yaks
  6 basilisks
  A fire bat (Volcano)
  2 hungry ghosts
  An acid dragon (D:11)
  13 water moccasins
  8 orc warriors
  12 porcupines
  3 ice beasts
  4 sky beasts
  3 black bears
  A necrophage (D:6)
  A phantom (D:5)
  6 ogres
  8 wolves
  3 centaurs
  8 crocodiles
  2 big kobolds
  13 bullfrogs
  2 wyvern skeletons
  3 scorpions
  11 killer bees
  3 howler monkeys
  2 electric eels (D:11)
  3 lava snakes
  A bullfrog zombie (D:9)
  2 centaur zombies
  3 crimson imps
  4 jellies
  A quasit (D:9)
  3 centaur skeletons
  5 orc priests
  8 orc wizards
  6 hounds
  5 iguanas
  Terence (D:3)
  4 hell rats (Lair:5)
  11 worker ants
  A hound zombie (D:9)
  A hound skeleton (D:6)
  Robin (D:2)
  3 worker ant zombies
  20 adders
  5 shadow imps
  An ooze (D:4)
  An adder zombie (D:5)
  2 adder skeletons
  4 leopard geckos
  42 orcs
  2 giant cockroaches (D:5)
  21 goblins
  8 hobgoblins
  12 jackals
  2 quokkas
  6 ball pythons
  7 bats
  3 frilled lizards
  11 kobolds
  A quokka skeleton (D:2)
  A quokka zombie (D:7)
  9 rats
464 creatures vanquished.

Vanquished Creatures (collateral kills)
  2 death yaks (Lair:5)
  2 wolves (D:11)
4 creatures vanquished.

Vanquished Creatures (others)
  A bush (Lair:5)
  24 fungi
  21 plants
46 creatures vanquished.

Grand Total: 514 creatures vanquished

Notes
Turn   | Place    | Note
-------+----------+-------------------------------------------
     0 | D:1      | Chiseanne the Spriggan Assassin began the quest for the
                  | Orb.
     0 | D:1      | Reached XP level 1. HP: 10/10 MP: 2/2
   178 | D:1      | Reached XP level 2. HP: 14/14 MP: 3/3
   593 | D:1      | Reached XP level 3. HP: 18/18 MP: 4/4
  1005 | D:2      | Noticed Robin
  1410 | D:2      | Killed Robin
  1410 | D:2      | Reached XP level 4. HP: 22/22 MP: 5/5
  1657 | D:3      | Noticed Terence
  1658 | D:3      | Killed Terence
  2312 | D:4      | Reached XP level 5. HP: 17/25 MP: 6/6
  2557 | D:4      | Reached skill level 1 in Shields
  2608 | D:4      | Found a burning altar of Makhleb.
  3187 | D:4      | Reached XP level 6. HP: 30/30 MP: 7/7
  3250 | D:4      | Found a glowing silver altar of Zin.
  3485 | D:5      | Entered Level 5 of the Dungeon
  3570 | D:5      | Noticed an ice beast
  3577 | D:5      | Killed an ice beast
  3693 | D:5      | Reached skill level 5 in Dodging
  3693 | D:5      | Reached XP level 7. HP: 33/33 MP: 8/8
  4102 | D:6      | Reached skill level 5 in Short Blades
  4199 | D:6      | Reached XP level 8. HP: 37/37 MP: 9/9
  4311 | D:6      | Noticed Sigmund
  4421 | D:6      | Reached skill level 10 in Stealth
  4478 | D:7      | Noticed highc0's ghost (novice DEFE)
  4482 | D:7      | Found a runed translucent door.
  5128 | D:6      | Found a shattered altar of Ashenzari.
  5181 | D:6      | Killed Sigmund
  5181 | D:6      | Reached skill level 5 in Shields
  5426 | D:7      | Reached XP level 9. HP: 41/41 MP: 10/10
  5515 | D:7      | Reached skill level 1 in Evocations
  5797 | D:7      | Found a staircase to the Ecumenical Temple.
  5820 | Temple   | Entered the Ecumenical Temple
  5974 | Temple   | Became a worshipper of Gozag Ym Sagoz the Greedy
  6463 | D:7      | Reached skill level 5 in Evocations
  6620 | D:8      | Found a shimmering altar of Xom.
  6662 | D:8      | Reached XP level 10. HP: 46/46 MP: 15/15
  7110 | D:8      | Found Cheibriados's Comfort Zone.
  7113 | D:8      | Found a snail-covered altar of Cheibriados.
  7162 | D:8      | Noticed a cyan ugly thing
  7178 | D:8      | Killed a cyan ugly thing
  7619 | D:9      | Noticed a two-headed ogre
  7626 | D:9      | Killed a two-headed ogre
  7812 | D:9      | Reached skill level 10 in Dodging
  7825 | D:9      | Noticed a red ugly thing
  7828 | D:9      | Killed a red ugly thing
  7830 | D:9      | Found the +3 salamander hide armour {+Rage rF++}
  7830 | D:9      | Noticed a catoblepas
  7835 | D:9      | Killed a catoblepas
  7845 | D:9      | Found a shimmering altar of Xom.
  7995 | D:9      | Reached XP level 11. HP: 49/49 MP: 18/18
  8240 | D:9      | Noticed a tengu warrior
  8292 | D:9      | Killed a tengu warrior
  8475 | D:9      | Reached skill level 10 in Evocations
  8840 | D:9      | You fall through a shaft for 2 floors!
  8935 | D:11     | Noticed a two-headed ogre
  9025 | D:11     | Found a staircase to the Lair.
  9077 | D:11     | Killed a two-headed ogre
  9361 | D:10     | Entered Level 10 of the Dungeon
  9730 | D:9      | Bought a wizard robe for 171 gold pieces
  9730 | D:9      | Bought a scroll of magic mapping for 105 gold pieces
  9730 | D:9      | Bought a scroll of identify for 60 gold pieces
  9730 | D:9      | Bought a potion of curing for 90 gold pieces
  9730 | D:9      | Bought a scroll of identify for 60 gold pieces
  9731 | D:9      | Identified the cursed +1 robe of the Doldrums {rElec Dex+6}
                  | (You bought it in a shop on level 9 of the Dungeon)
  9803 | D:10     | Noticed an unseen horror
  9832 | D:10     | Killed an unseen horror
 10210 | D:10     | Noticed a two-headed ogre
 10273 | D:10     | Killed a two-headed ogre
 10592 | D:11     | Noticed an unseen horror
 10611 | D:11     | Reached XP level 12. HP: 53/53 MP: 21/21
 10703 | Lair:1   | Entered Level 1 of the Lair of Beasts
 10703 | Lair:1   | Noticed an eight-headed hydra
 10707 | Lair:1   | Killed an eight-headed hydra
 11108 | Lair:2   | Noticed Urug
 11115 | Lair:2   | Killed Urug
 11150 | Lair:2   | Found a hole to the Spider Nest.
 11208 | Lair:2   | Learned a level 3 spell: Confuse
 11268 | Lair:2   | Reached skill level 1 in Spellcasting
 11268 | Lair:2   | Reached skill level 1 in Hexes
 11319 | Lair:1   | Noticed a seven-headed hydra
 11657 | Lair:1   | Reached skill level 5 in Spellcasting
 11687 | Lair:1   | Noticed a catoblepas
 11687 | Lair:1   | a seven-headed hydra changed into a catoblepas
 11707 | Lair:1   | Killed a catoblepas
 11867 | Lair:2   | Reached skill level 5 in Hexes
 11936 | Lair:3   | Found a staircase to the Swamp.
 12523 | Lair:4   | Noticed Nergalle
 12532 | Lair:4   | Killed Nergalle
 12532 | Lair:4   | Reached XP level 13. HP: 57/57 MP: 20/25
 14030 | Lair:5   | Learned a level 3 spell: Tukima's Dance
 14414 | Lair:5   | Reached skill level 10 in Spellcasting
 14523 | Lair:5   | Noticed Josephine
 14544 | Lair:5   | Killed Josephine
 14754 | Lair:5   | Noticed Kirke
 14777 | Lair:5   | Killed Kirke
 14973 | Lair:5   | Reached skill level 10 in Hexes
 15259 | Lair:5   | Found a staircase to the Slime Pits.
 15481 | Lair:5   | Reached XP level 14. HP: 61/61 MP: 17/30
 15545 | Lair:5   | Learned a level 3 spell: Dazzling Spray
 15780 | Lair:6   | Entered Level 6 of the Lair of Beasts
 16091 | Lair:6   | Found a dark tunnel.
 16100 | Volcano  | Entered a volcano
 16264 | Volcano  | Found a burning altar of Makhleb.
 16302 | Volcano  | HP: 1/61 [salamander mystic/+1 quarterstaff of crushing
                  | (4)]
 16302 | Volcano  | Slain by a salamander mystic

Skill      XL: |  1  2  3  4  5  6  7  8  9 10 11 12 13 14 |
---------------+-------------------------------------------+-----
Stealth        | 6 7 8 9 10 11 | 11.2
Dodging        | 2 3 4 5 6 7 9 10 11 12 | 12.4
Short Blades   | 3 4 5 6 7 8 9 |  9.9
Shields        | 1 2 3 5 6 7 8 9 |  9.4
Evocations     | 6 9 11 12 | 12.0
Spellcasting   | 7 11 12 | 12.5
Hexes          | 6 10 11 | 11.5
Fighting       | |  1.5
Throwing       | |  2.0

Action                   |  1- 3 |  4- 6 |  7- 9 | 10-12 | 13-15 || total
-------------------------+-------+-------+-------+-------+-------++-------
Melee: Dagger            |   134 |   107 |   347 |   728 |   363 ||  1679
 Fire: Blowgun           |     6 |    23 |    32 |    63 |       ||   124
Throw: Stone             |       |     1 |     1 |       |       ||     2
       Tomahawk          |       |       |       |     3 |       ||     3
 Cast: Confuse           |       |       |       |    16 |   108 ||   124
Invok: Call Merchant     |       |       |       |     1 |       ||     1
Evoke: Wand              |       |       |    10 |    33 |    11 ||    54
       Lightning rod     |       |       |       |    11 |     4 ||    15
       Sack of spiders   |       |       |       |     2 |       ||     2
  Use: Scroll            |     2 |     9 |     6 |    11 |     7 ||    35
       Potion            |       |       |       |     1 |     2 ||     3
 Stab: Sleeping          |    15 |    24 |    32 |    61 |    15 ||   147
       Distracted        |       |     1 |     3 |    13 |     7 ||    24
       Paralysed         |       |       |     4 |       |       ||     4
       Confused          |       |       |       |     8 |    56 ||    64
  Eat: Ration            |       |       |     4 |     4 |     3 ||    11
Armor: Robe              |    11 |     5 |    13 |    28 |    12 ||    69
Dodge: Dodged            |    81 |    48 |   129 |   328 |   246 ||   832
Block: Buckler           |       |    14 |   118 |   274 |   196 ||   602
